 Dungeon Crawl Stone Soup version 0.22-a0-605-g9281fa2 (webtiles) character file.

18 Hebeh the Firebug (level 2, -9/15 HPs)
             Began as a Deep Elf Fire Elementalist on July 8, 2018.
             Mangled by a worm (12 damage)
             ... on level 2 of the Dungeon.
             The game lasted 00:04:23 (1025 turns).

Hebeh the Firebug (Deep Elf Fire Elementalist)      Turns: 1025, Time: 00:04:24

Health: -9/15      AC:  9    Str:  5    XL:     2   Next: 51%
Magic:  1/8        EV: 13    Int: 19    God:
Gold:   119        SH:  0    Dex: 15    Spells: 7/8 levels left

rFire    . . .     SeeInvis .   h - +1 dagger (protect)
rCold    . . .     Gourm    .   (no shield)
rNeg     . . .     Faith    .   a - +0 robe
rPois    .         Spirit   .   (no helmet)
rElec    .         Reflect  .   (no cloak)
rCorr    .         Harm     .   (no gloves)
MR       .....                  (no boots)
Stlth    ++........             b - amulet of rage
HPRegen  0.05/turn              (no ring)
MPRegen  0.11/turn              (no ring)

@: protection aura
A: no striking features
a: Evoke Berserk Rage


You were on level 2 of the Dungeon.
You were not hungry.

You visited 1 branch of the dungeon, and saw 2 of its levels.

You collected 119 gold pieces.

Inventory:

Hand Weapons
 g - a +0 spear
 h - a +1 dagger of protection (weapon)
Armour
 a - a +0 robe (worn)
Jewellery
 b - an amulet of rage (around neck)
Scrolls
 d - 2 scrolls of immolation {unknown}
 l - 2 scrolls of identify {unknown}
 m - a scroll of teleportation {unknown}
 n - a scroll of remove curse {unknown}
 o - a scroll of magic mapping {unknown}
Potions
 e - 3 potions of curing {unknown}
 f - a potion of brilliance {unknown}
 j - a potion of agility {unknown}
 k - a potion of haste {unknown}
Comestibles
 c - 2 rations


   Skills:
 - Level 2.4 Dodging
 + Level 2.6 Stealth
 * Level 3.5 Spellcasting
 * Level 1.7 Conjurations
 * Level 3.6 Fire Magic


You had 7 spell levels left.
You knew the following spells:

 Your Spells              Type           Power        Failure   Level  Hunger
a - Flame Tongue          Conj/Fire      ##...        4%          1    None

Your spell library contained the following spells:

 Spells                   Type           Power        Failure   Level  Hunger
 Fireball                 Conj/Fire      ##........   80%         5    ######.
 Conjure Flame            Conj/Fire      ##......     14%         3    ###....
 Throw Flame              Conj/Fire      ##....       8%          2    ##.....
 Sticky Flame             Conj/Fire      ##......     43%         4    ####...
 Inner Flame              Hex/Fire       ##......     21%         3    ###....


Dungeon Overview and Level Annotations

Branches:
Dungeon (2/15)

Altars:


Message History

Confirm with . or Enter, or press ? or * to list all spells.
You don't have enough magic to cast that spell.
You barely miss the worm.
The worm is severely wounded.
The worm bites you!
* * * LOW HITPOINT WARNING * * *
You are too injured to fight recklessly!
You are too injured to fight recklessly!
You are too injured to fight recklessly!
You hit the worm.
Your weapon exudes an aura of protection.
The worm is severely wounded.
You hit the worm.
The worm is severely wounded.
The worm barely misses you.
You completely miss the worm.
The worm is severely wounded.
The worm bites you!
Ouch! That really hurt!
You die...

#.# ... # #
#.#.# .#
#.#.##.#
##†#... ..."#
##)w.#
########.@..#
.......<..†.#
.#####.##....#
## ##..## ..#
..# ... .###


You could see a worm.

Vanquished Creatures
  5 goblins (D:1)
  A hobgoblin (D:1)
  A kobold (D:2)
  A ball python (D:1)
  5 bats
  2 frilled lizards
  4 rats
19 creatures vanquished.

Notes
Turn   | Place    | Note
-------+----------+-------------------------------------------
     0 | D:1      | Hebeh the Deep Elf Fire Elementalist began the quest for the Orb.
     0 | D:1      | Reached XP level 1. HP: 10/10 MP: 6/6
   360 | D:1      | Reached XP level 2. HP: 15/15 MP: 6/8
  1025 | D:2      | Mangled by a worm

Vault maps used:
D:1:      erik_arrival_blinker_ship
D:2:      first_ration

Action                   || total
-------------------------++-------
Melee: Dagger            ||     7
 Cast: Flame Tongue      ||    29
Armor: Robe              ||     4
Dodge: Dodged            ||     7

Table legend:
 A = Spawn XP
 B = Non-spawn XP
 C = Spawn XP percentage of total XP
 D = Spawn monster count
 E = Non-spawn monster count
 F = Spawn count percentage of total count
 G = Total turns spent on level
                    A         B        C        D         E        F      G
               +---------+---------+-------+---------+---------+-------+---------
         Total |       0 |      27 |   0.0 |       0 |      19 |   0.0 |  1025
               +---------+---------+-------+---------+---------+-------+---------
           D:1 |       0 |      21 |   0.0 |       0 |      15 |   0.0 |   984
           D:2 |       0 |       6 |   0.0 |       0 |       4 |   0.0 |    41
               +---------+---------+-------+---------+---------+-------+---------
